 Dungeon Crawl Stone Soup version 0.27-a0-1242-ge70438ac7b (webtiles) character file.

Game seed: 4753436138157240108

18122 meliss the Blocker (level 12, 0/110 HPs)
             Began as a Deep Dwarf Fighter on June 9, 2021.
             Was the Champion of Okawaru.
             Slain by a phantasmal warrior (17 damage)
             ... led by a death knight
             ... on level 13 of the Dungeon.
             The game lasted 00:35:27 (11134 turns).

meliss the Blocker (Deep Dwarf Fighter)            Turns: 11134, Time: 00:35:28

Health: 0/110      AC: 25    Str: 33    XL:     12   Next: 24%
Magic:  0/0        EV:  5    Int: 21    God:    Okawaru [******]
Gold:   758        SH: 24    Dex: 16    Spells: 11/11 levels left

rFire    + . .     SeeInvis .   b - +10 rapier "Neont" {vorpal, rPois Int+9 Dex-2 Stlth+}
rCold    . . .     Faith    .   N - +3 tower shield "Vocwerea" {Harm +Inv Str+2 Int+3}
rNeg     . . .     Spirit   .   C - +5 plate armour {rF+}
rPois    +         Reflect  .   M - +0 helmet
rElec    .         Harm     +   r - +0 cloak
rCorr    .         Rampage  .   (no gloves)
Will     .....                  B - +2 pair of boots
Stlth    ..........             (no amulet)
HPRegen  0.00/turn              n - +6 ring of dexterity
MPRegen  0.07/turn              o - +6 ring of strength

@: weak-willed
A: damage resistance, heal wounds, sense surroundings 2, no regeneration
a: Heal Wounds, Renounce Religion, Evoke Invisibility, Heroism, Finesse


You were on level 13 of the Dungeon.
You worshipped Okawaru.
Okawaru was exalted by your worship.
You visited 1 branch of the dungeon, and saw 13 of its levels.

You collected 758 gold pieces.

Inventory:

Hand Weapons
 a - a +0 long sword
 b - the +10 rapier "Neont" (weapon) {vorpal, rPois Int+9 Dex-2 Stlth+}
   (You found it on level 7 of the Dungeon)

   It inflicts extra damage upon your enemies.
   It affects your intelligence (+9).
   It affects your dexterity (-2).
   It protects you from poison.
   It makes you more stealthy.
 K - the +8 arc blade {discharge, rElec}
   (You found it on level 9 of the Dungeon)

   It insulates you from electricity.
Missiles
 m - a throwing net
 F - 6 atropa-tipped darts
 L - a curare-tipped dart
Armour
 r - a +0 cloak (worn)
 B - a +2 pair of boots (worn)
 C - a +5 plate armour of fire resistance (worn)
 M - a +0 helmet (worn)
 N - the +3 tower shield "Vocwerea" (worn) {Harm +Inv Str+2 Int+3}
   (Okawaru gifted it to you on level 11 of the Dungeon)

   It affects your strength (+2).
   It affects your intelligence (+3).
   It lets you turn invisible.
   It increases damage dealt and taken.
Jewellery
 n - a +6 ring of dexterity (left hand)
 o - a +6 ring of strength (right hand)
 s - a ring of positive energy
 J - a ring of willpower
Wands
 u - a wand of paralysis (9)
 E - a wand of flame (15)
 G - a wand of iceblast (14)
Scrolls
 c - 2 scrolls of identify
 e - a scroll of vulnerability
 g - 3 scrolls of magic mapping {unknown}
 j - 3 scrolls of fear
 k - 7 scrolls of amnesia
 w - 2 scrolls of blinking {unknown}
 x - 6 scrolls of teleportation
 y - 2 scrolls of immolation {unknown}
 z - a scroll of enchant weapon {unknown}
 I - 3 scrolls of acquirement
 O - a scroll of enchant armour
Potions
 d - 2 potions of might
 h - a potion of invisibility
 i - a potion of lignification
 l - 2 potions of resistance {unknown}
 p - a potion of attraction {unknown}
 q - a potion of brilliance {unknown}
 t - a potion of magic {unknown}
 v - a potion of haste {unknown}
 A - 3 potions of flight
 D - a potion of berserk rage {unknown}
 H - a potion of mutation {unknown}
 P - a potion of heal wounds {unknown}


   Skills:
 + Level 7.9 Fighting
 + Level 10.3(11.1) Short Blades
 + Level 7.4(10.3) Long Blades
 + Level 9.5 Armour
 + Level 11.7 Shields
 + Level 0.8 Unarmed Combat
 - Level 1.0 Invocations


You had 11 spell levels left.
You didn't know any spells.
Your spell library contained the following spells:

 Spells                   Type           Power      Damage    Failure   Level
 Animate Skeleton         Necr           0%         N/A       99%         1
 Apportation              Tloc           0%         N/A       99%         1
 Corona                   Hex            0%         N/A       99%         1
 Foxfire                  Conj/Fire      0%         2x1d4     99%         1
 Sting                    Tmut/Pois      0%         1d3       99%         1
 Summon Small Mammal      Summ           0%         N/A       99%         1
 Poisonous Vapours        Pois/Air       0%         N/A       100%        2
 Conjure Flame            Conj/Fire      0%         6-21      100%        3
 Ignite Poison            Fire/Tmut/Pois 0%         N/A       100%        3
 Inner Flame              Hex/Fire       0%         N/A       100%        3
 Mephitic Cloud           Conj/Pois/Air  0%         N/A       100%        3
 Olgreb's Toxic Radiance  Pois           0%         N/A       100%        4
 Sticky Flame             Conj/Fire      0%         2d3       100%        4
 Fireball                 Conj/Fire      0%         3d3       100%        5


Dungeon Overview and Level Annotations

Branches:
Dungeon (13/15)            Temple (0/1) D:6            Lair (0/6) D:8
    Orc (0/2) D:11
 Vaults: D:13-14

Altars:
Ashenzari
Cheibriados
Hepliaklqana
Makhleb
Okawaru
Trog
Uskayaw
Wu Jian
Xom
Zin
Beogh

Shops:
D:5 (

Annotations:
D:9 2 transporters


Innate Abilities, Weirdness & Mutations

You are resistant to damage.
You can heal yourself by infusing magical energy.
You passively map the area around you.
You do not regenerate.


Message History

You block the death knight's attack.
You hit the death knight.
The death knight is moderately wounded.
The death knight reflects your damage back at you!
You block the phantasmal warrior's attack.
You block the death knight's attack.
You block the phantasmal warrior's attack.
The death knight's dark mirror aura disappears.
The phantasmal warrior blinks!
The death knight invokes the aid of Yredelemnul against you.
You struggle to resist.
The phantasmal warrior blinks!
The phantasmal warrior blinks!
You block the death knight's attack.
You barely miss the death knight.
The death knight is moderately wounded.
The phantasmal warrior blinks!
Your shield and plate armour prevent you from hitting the death knight.
The death knight is moderately wounded.
You block the death knight's attack.
You puncture the death knight!
The death knight is moderately wounded.
The death knight hits you with a +0 great mace!
The phantasmal warrior blinks!
You closely miss the death knight.
The death knight is moderately wounded.
The death knight mumbles some strange prayers to Yredelemnul against you.
You struggle to resist.
You block the phantasmal warrior's attack.
You hit the death knight but do no damage.
The death knight is moderately wounded.
The death knight mumbles some strange prayers to Yredelemnul against you.
Your body is wracked with pain!
You block the phantasmal warrior's attack.
You hit the death knight.
The death knight is heavily wounded.
The death knight mumbles some strange prayers to Yredelemnul against you.
Your body is wracked with pain!
* * * LOW HITPOINT WARNING * * *
The phantasmal warrior hits you!
You die...

#.# #### * ≈ #.# #### #..##
### #.###..# #...## #.#
##.#....# #....# ##.####
#.......# #....###.....#####
##......#####.....#...........
#.........##....#............
#.....###..W####..###W.......
#(.#### ###.@pW..###WW.......
#### ####W.###.......... #..#
#.......... #...#*#..........
#.... #..........
...#.###........# #...#..
#........# .....#.# ,, * , ,
** ,, ,


You could see a death knight, a phantasmal warrior, a freezing wraith and a
wraith.

Vanquished Creatures
  Kirke (D:13)
  A boulder beetle (D:11)
  A death knight (D:13)
  4 two-headed ogres
  Urug (D:13)
  3 slime creatures (D:12)
  Pikel (D:9)
  An ugly thing (D:13)
  A cyclops (D:11)
  A manticore (D:13)
  A komodo dragon (D:12)
  An unseen horror (D:11)
  2 kobold demonologists (D:10)
  A troll (D:11)
  A wolf spider simulacrum (D:11)
  2 shadows
  A vampire (D:9)
  A wraith (D:13)
  A wyvern (D:9)
  10 yaks
  A steam dragon (D:8)
  A hog (D:13)
  Grum (D:11)
  3 vampire mosquitoes (D:12)
  3 water moccasins
  A black bear (D:6)
  12 orc warriors
  3 wolves (D:11)
  3 ogres
  A phantom (D:3)
  7 centaurs
  A lemure (D:9)
  A kobold brigand (D:10)
  3 bullfrogs
  A gnoll sergeant (D:12)
  4 scorpions
  3 killer bees (D:8)
  7 wights (D:9)
  7 electric eels
  2 howler monkeys (D:9)
  10 orc priests
  A jelly (D:4)
  A centaur skeleton (D:7)
  4 hounds
  3 bullfrog skeletons
  A gnoll shaman (D:6)
  2 iguanas
  9 orc wizards
  A hound zombie (D:5)
  2 howler monkey zombies
  Robin (D:3)
  A howler monkey skeleton (D:4)
  21 gnolls
  10 adders
  2 shadow imps
  An ufetubus (D:5)
  An adder skeleton (D:4)
  4 worms
  3 dart slugs
  51 orcs
  7 bats
  8 endoplasms
  5 giant cockroaches
  9 hobgoblins
  12 jackals
  12 kobolds
  4 quokkas
  6 ball pythons
  A frilled lizard (D:1)
  12 goblins
  13 rats
319 creatures vanquished.

Notes
Turn   | Place    | Note
-------+----------+-------------------------------------------
     0 | D:1      | meliss the Deep Dwarf Fighter began the quest for the Orb.
     0 | D:1      | Reached XP level 1. HP: 20/20 MP: 1/1
   134 | D:1      | Found a faded altar of an unknown god.
   180 | D:1      | Reached XP level 2. HP: 25/27 MP: 2/2
   571 | D:1      | Reached XP level 3. HP: 34/34 MP: 2/2
  1153 | D:2      | Reached XP level 4. HP: 23/42 MP: 3/3
  1379 | D:2      | Reached skill level 4 in Shields
  1507 | D:3      | Noticed a phantom
  1553 | D:3      | Killed a phantom
  1554 | D:3      | Reached XP level 5. HP: 48/49 MP: 4/4
  1743 | D:3      | Found a burning altar of Makhleb.
  2096 | D:3      | Noticed Robin
  2135 | D:3      | Killed Robin
  2143 | D:3      | Reached XP level 6. HP: 45/56 MP: 5/5
  2788 | D:4      | Reached skill level 5 in Armour
  2830 | D:4      | Reached skill level 5 in Shields
  2830 | D:4      | Reached XP level 7. HP: 24/63 MP: 6/6
  2924 | D:4      | Reached skill level 5 in Long Blades
  3791 | D:5      | Entered Level 5 of the Dungeon
  3791 | D:5      | Found a shimmering altar of Xom.
  3957 | D:5      | Found an iron altar of Okawaru.
  3963 | D:5      | Became a worshipper of Warmaster Okawaru
  4123 | D:5      | Found Macleh's Weapon Shoppe.
  4163 | D:5      | Found a hazy altar of Hepliaklqana.
  4250 | D:5      | Reached XP level 8. HP: 59/73 MP: 6/6
  4532 | D:6      | Found a glowing silver altar of Zin.
  4602 | D:6      | Reached skill level 6 in Shields
  4607 | D:6      | Reached * piety under Okawaru
  4773 | D:6      | Found a staircase to the Ecumenical Temple.
  4821 | D:6      | Found a hide-covered altar of Uskayaw.
  4865 | D:6      | HP: 2/73 [orc warrior/+0 glaive (19)]
  4893 | D:6      | Reached skill level 5 in Fighting
  5144 | D:7      | Reached skill level 7 in Shields
  5401 | D:7      | Identified the +10 rapier "Neont" {vorpal, rPois Int+9
                  | Dex-2 Stlth+}
  5554 | D:7      | Reached ** piety under Okawaru
  5555 | D:7      | Gained mutation: You passively map the area around you.
                  | [Deep Dwarf growth]
  5555 | D:7      | Reached XP level 9. HP: 53/81 MP: 4/4
  5921 | D:8      | Found a staircase to the Lair.
  5984 | D:8      | Reached skill level 1 in Short Blades
  6300 | D:8      | Reached skill level 8 in Shields
  6308 | D:8      | You fall into a shaft and drop 1 floor!
  6308 | D:9      | Noticed Pikel
  6335 | D:9      | Killed Pikel
  6335 | D:9      | Reached *** piety under Okawaru
  6438 | D:9      | Found a transporter.
  6439 | D:9      | Found a transporter.
  6440 | D:9      | Noticed a white ugly thing
  6440 | D:9      | Noticed a death knight
  6968 | D:9      | Found the +8 arc blade {discharge, rElec}
  6980 | D:9      | Identified 2 scrolls of acquirement
  7010 | D:9      | Noticed a two-headed ogre
  7024 | D:9      | Killed a two-headed ogre
  7025 | D:9      | Reached skill level 5 in Short Blades
  7025 | D:9      | Reached skill level 1 in Invocations
  7025 | D:9      | Reached XP level 10. HP: 37/91 MP: 1/4
  7420 | D:9      | Reached **** piety under Okawaru
  7551 | D:9      | Reached skill level 9 in Shields
  7632 | D:9      | Found an ornate altar of the Wu Jian Council.
  7851 | D:10     | Entered Level 10 of the Dungeon
  8414 | D:10     | Reached ***** piety under Okawaru
  8735 | D:10     | Found a snail-covered altar of Cheibriados.
  8738 | D:10     | Found a broken altar of Ashenzari.
  8960 | D:11     | Noticed a cyclops
  8969 | D:11     | Killed a cyclops
  8973 | D:11     | Found a bloodstained altar of Trog.
  8982 | D:11     | Noticed a two-headed ogre
  8990 | D:11     | Killed a two-headed ogre
  8991 | D:11     | Reached XP level 11. HP: 82/99 MP: 2/2
  9204 | D:11     | Noticed Grum
  9219 | D:11     | Noticed a two-headed ogre
  9222 | D:11     | Killed Grum
  9227 | D:11     | Killed a two-headed ogre
  9228 | D:11     | Reached skill level 10 in Shields
  9232 | D:11     | Identified the +3 tower shield "Vocwerea" {Harm +Inv Str+2
                  | Int+3} (Okawaru gifted it to you on level 11 of the
                  | Dungeon)
  9232 | D:11     | Received a gift from Okawaru
  9379 | D:11     | Noticed a boulder beetle
  9415 | D:11     | Killed a boulder beetle
  9511 | D:11     | Found a staircase to the Orcish Mines.
 10532 | D:12     | Reached skill level 11 in Shields
 10710 | D:13     | Noticed a death knight
 10710 | D:13     | Noticed a phantasmal warrior
 10782 | D:13     | Noticed a brown ugly thing
 10784 | D:13     | Noticed Urug
 10793 | D:13     | Killed a brown ugly thing
 10815 | D:13     | Killed Urug
 10893 | D:13     | Noticed a death knight
 10894 | D:13     | Noticed a two-headed ogre
 10915 | D:13     | Killed a two-headed ogre
 10915 | D:13     | Received a gift from Okawaru
 10916 | D:13     | Reached XP level 12. HP: 77/110 MP: 2/2
 10926 | D:13     | Killed a death knight
 10926 | D:13     | Reached ****** piety under Okawaru
 10927 | D:13     | Reached skill level 10 in Short Blades
 11023 | D:13     | Noticed Kirke
 11054 | D:13     | Killed Kirke
 11134 | D:13     | Slain by a phantasmal warrior

Illustrated notes

Levels and vault maps discovered:
D:1:      matt_arrival_refuge, layout_basic,
          shapermc_ecumenical_altar_mp_vishouse
D:2:      layout_basic, ebering_dispersal_statue_hall, grunt_ministairs_8
D:3:      layout_basic, marbit_many_paths, uniq_robin
D:4:      layout_layer_cave
D:5:      layout_rooms, okawaru_ov_weapons_minmay, xom_teletrap_fun,
          lemuel_tele_altar, serial_shops, shop_statue
D:6:      layout_basic, kennysheep_mini_moat, zin_statuary,
          minmay_temple_entry_glass
D:7:      layout_loops_ring
D:8:      layout_loops_cross, lair_entry_dummy, minmay_misc_feat_hallway,
          grunt_decor_mini_mirrors
D:9:      layout_layer_cave, gammafunk_temple_overflow_arena, special_room
          [special_room_orc], uniq_pikel
D:10:     erik_rubicon_a, layout_loops_ring, minitemple, minmay_misc_feat_cross
D:11:     layout_loops_corners, orc_0_dummy, serial_rivers,
          chequers_serial_rivers_marsh, chequers_serial_rivers_small_b,
          chequers_serial_rivers_small_b, chequers_serial_rivers_micro_c,
          chequers_serial_rivers_marsh, trog_three_pillars_becter, uniq_grum
D:12:     layout_basic
D:13:     kennysheep_four_of_diamonds, layout_cave_pods, minivault_16,
          uniq_kirke, uniq_urug

Skill      XL: |  1  2  3  4  5  6  7  8  9 10 11 12 |
---------------+-------------------------------------+-----
Fighting       | 3 4 5 6 7 |  7.9
Armour         | 4 5 6 7 8 9 |  9.5
Shields        | 4 5 7 8 9 11 | 11.7
Long Blades    | 3 4 6 7 |  7.4
Short Blades   | 5 8 9 10 | 10.3
Invocations    | 1 |  1.0
Unarmed Combat | |  0.8

Action                   |  1- 3 |  4- 6 |  7- 9 | 10-12 || total
-------------------------+-------+-------+-------+-------++-------
Melee: Long sword        |    99 |   248 |   322 |       ||   669
       Rapier            |       |       |   101 |   402 ||   503
       Unarmed           |       |       |       |    18 ||    18
Invok: Heroism           |       |       |     6 |     2 ||     8
 Abil: Heal Wounds       |     1 |     3 |    26 |    27 ||    57
  Use: Potion            |       |     3 |     1 |     4 ||     8
       Scroll            |       |       |    10 |     1 ||    11
 Stab: Invisible         |       |     1 |       |       ||     1
Armor: Scale mail        |    56 |   124 |   167 |       ||   347
       Plate armour      |       |       |    31 |   120 ||   151
Dodge: Dodged            |    45 |    59 |   157 |    68 ||   329
Block: Kite shield       |    58 |   152 |   358 |   136 ||   704
       Tower shield      |       |       |       |   149 ||   149
       Rpst.: Long sword |    12 |    16 |    28 |       ||    56

Table legend: (Time is in decaauts)
 A = Elapsed time spent in this place.
 B = Non-inter-level travel time spent in this place.
 C = Inter-level travel time spent in this place.
 D = Time resting spent in this place.
 E = Time spent auto-exploring this place.
 F = Levels seen in this place.
 G = Mean time per level.
                   A        B        C        D        E       F      G
               +--------+--------+--------+--------+--------+-----+--------+
         Total |  11353 |  10703 |    650 |     12 |   7050 |  13 |  873.3 |
       Dungeon |  11353 |  10703 |    650 |     12 |   7050 |  13 |  873.3 |
               +--------+--------+--------+--------+--------+-----+--------+

Top non-repeatable levels by time:
     D:4: 1298 daAuts
     D:3: 1142 daAuts
    D:11: 1128 daAuts
    D:10: 1095 daAuts
     D:9: 1049 daAuts
     D:1: 1004 daAuts
     D:8: 876 daAuts
     D:7: 832 daAuts
     D:6: 705 daAuts
    D:12: 670 daAuts
     D:5: 606 daAuts
     D:2: 566 daAuts
    D:13: 376 daAuts
